 Dungeon Crawl Stone Soup version 0.14-a0-2019-gd9bc7f0 (webtiles) character file.

41 Czerbonog the Covered (level 3, 28/28 HPs)
             Began as a Formicid Fighter on Jan 8, 2014.
             Quit the game on Level 1 of the Dungeon on Jan 20, 2014.
             The game lasted 00:02:14 (330 turns).

Czerbonog the Covered (Formicid Fighter)             Turns: 330, Time: 00:02:14

HP  28/28        AC  8     Str 20      XL: 3   Next: 32%
MP   3/3         EV  6     Int  8      God:
Gold 17          SH 18     Dex 10      Spells:  0 memorised,  2 levels left

rFire  . . .     SeeInvis +     a - +0 mace
rCold  . . .     Clarity  .     b - +0 scale mail
rNeg   . . .     Conserve .     c - +0 shield
rPois  x         rCorr    .     (helmet unavailable)
rElec  .         rRot     .     (no cloak)
SustAb . .       Spirit   .     (no gloves)
rMut   .         Warding  .     (no boots)
Saprov . . .     Stasis   +     (no amulet)
MR     .....                    (no ring)
                                (no ring)

@: not resistant to hostile enchantments, extremely unstealthy
A: permanent stasis, dig shafts and tunnels, four strong arms, poison weakness,
antennae 3, exoskeleton 1
a: Dig, Shaft Self


You were on level 1 of the Dungeon.
You were not hungry.

You visited 1 branch of the dungeon, and saw 1 of its levels.

You collected 17 gold pieces.

Inventory:

Hand weapons
 a - a +0,+0 mace (weapon)
Armour
 b - a +0 scale mail (worn)
 c - a +0 shield (worn)
Comestibles
 d - a bread ration
 f - a rotting chunk of ball python flesh
 g - a rotting chunk of jackal flesh
 h - a chunk of giant cockroach flesh
 i - a chunk of bat flesh
 m - 2 chunks of jackal flesh
 n - 2 chunks of jackal flesh
 o - a chunk of hobgoblin flesh
Scrolls
 e - a scroll of amnesia {unknown}
 k - a scroll of identify {unknown}
 l - 2 scrolls of enchant weapon I {unknown}
Potions
 j - a potion of brilliance {unknown}


   Skills:
 + Level 3.2 Fighting
 + Level 2.1 Maces & Flails
 + Level 4.0 Armour
 + Level 1.0 Dodging
 + Level 3.2 Shields


You had 2 spell levels left.
You didn't know any spells.

Dungeon Overview and Level Annotations

Branches:
Dungeon (1/16)

Altars:


Innate Abilities, Weirdness & Mutations

Your are under a permanent stasis effect.
You can dig through walls and to a lower floor.
Your four strong arms can wield any weapon, most with a shield.
You are susceptible to poison.
You have a pair of large antennae on your head (SInv).
Your body is surrounded by an exoskeleton. (HP +5, AC +1)


Message History

Butcher a hobgoblin corpse? [(y)es/(c)hop/(n)o/(a)ll/(q)uit/?]
You start butchering the jackal corpse.
You continue butchering the corpse.
You continue butchering the corpse.
You finish butchering the jackal corpse.
You start butchering the hobgoblin corpse.
You continue butchering the corpse.
You finish butchering the hobgoblin corpse.
m - 2 chunks of jackal flesh (gained 1);
o - a chunk of hobgoblin flesh You see here an orcish club.
Unknown command.
Eat which item? (? for menu, Esc to quit)
Okay, then.
Unknown command.
Unknown command.
Unknown command.
You start resting.
HP restored.
Welcome back, Czerbonog the Formicid Fighter.
Press ? for a list of commands and other information.
Are you sure you want to abandon this character and quit the game? (Confirm with "yes".)

.#.................
#..........#######
#..........#
#.........>#
#..........# #
##.#.####### #.
#.#.#
##.##..##.#.#######
........@%.........
...................
#.##(.##.#.######
#.. #.#.# #. #.#.#
#. #.#.# ## . .....
... # #.#.# ## ..#.


There were no monsters in sight!

Vanquished Creatures
  An ooze (D:1)
  A ball python (D:1)
  2 bats (D:1)
  2 giant cockroaches (D:1)
  2 hobgoblins (D:1)
  7 jackals (D:1)
  A kobold (D:1)
  2 rats (D:1)
18 creatures vanquished.

Notes
Turn   | Place    | Note
--------------------------------------------------------------
     0 | D:1      | Czerbonog, the Formicid Fighter, began the quest for the Orb.
     0 | D:1      | Reached XP level 1. HP: 19/19 MP: 1/1
    27 | D:1      | Reached XP level 2. HP: 18/24 MP: 2/2
   216 | D:1      | Reached skill level 4 in Armour
   257 | D:1      | Reached XP level 3. HP: 28/28 MP: 3/3
   267 | D:1      | Reached skill level 1 in Dodging
   330 | D:1      | Upgraded the game from 0.14-a0-1811-gdc2d5af to 0.14-a0-2019-gd9bc7f0
   330 | D:1      | Quit the game

Action                   || total
-------------------------++-------
Melee: Mace              ||    68
